cohdb
Replays
Latest Replays
All Replays
Popular Replays
Top Player Replays
Match Explorer
How It Works
Community
CoH3 Stats
Reddit
Sign in to upload your games and track your stats! →
Sign in with Steam
Match 42717567
Unlisted
Match 42717567
Overview
Messages
Build Orders
End
Vickers Machine Gun Team
Construct Section Command Post
Dingo Light Scout Car
Infantry Section
Infantry Section
Construct Platoon Command Post
6-pounder Anti-tank Gun Team
Unlock M3 Stuart Light Tanks
M3 Stuart Light Tank
M3 Stuart Light Tank
Unlock Bishop Self-propelled Artillery
Selects Heavy Armor Battlegroup
Selects Rigorous Vehicle Training
Selects Light Vehicle Withdraw and Refit
Selects Radio Net
Bishop Self-propelled Artillery
Light Vehicle Training
CMP 15cwt Truck
Royal Engineer Section
Selects Recon Artillery
Recon Artillery
6-pounder Anti-tank Gun Team
Recon Artillery
Construct Company Command Post
alphaelf
goatboy
Granger
NoX
zerXsen
Doomster
Vlady the Impaler
Mustache and Melons
0
0
Comments
sign in to comment!
No comments posted yet!